 Dungeon Crawl Stone Soup version 0.31-a0-115-g4708a659fe (webtiles) character file.

Game seed: 8875605328244849672

3243 kae the Transmogrifier (level 9, 0/76 HPs)
             Began as a Pale Draconian Transmuter on May 29, 2023.
             Splashed by a jelly's acid (4 damage)
             ... on level 8 of the Dungeon.
             The game lasted 00:06:23 (7534 turns).

kae the Transmogrifier (Pale Draconian Transmuter)  Turns: 7534, Time: 00:06:24

Health: 0/76       AC: -2    Str: 12    XL:     9   Next: 67%
Magic:  15/19      EV: 10    Int: 18    God:
Gold:   226        SH:  5    Dex: 12    Spells: 11/21 levels left

rFire   x . .        c - melded +2 whip
rCold   + + +        (shield currently unavailable)
rNeg    . . .        (body armour unavailable)
rPois   +            (helmet currently unavailable)
rElec   .            (cloak currently unavailable)
rCorr   .            (gloves currently unavailable)
SInv    .            (boots currently unavailable)
Will    .....        C - amulet of reflection
Stlth   +            Y - +4 ring of slaying
HPRegen 0.32/turn    (no ring)
MPRegen 0.16/turn

%: reflection
@: ice-form, wereblooded, corroded
A: freezing attack, amphibious, boosted hp, (breathe steam), AC +7, large,
unfitting armour, (cold-blooded), (steam resistance)
a: End Transformation


You were on level 8 of the Dungeon.
You were a creature of crystalline ice.
You visited 1 branch of the dungeon, and saw 8 of its levels.

You collected 349 gold pieces.
You spent 123 gold pieces at shops.


Innate Abilities, Weirdness & Mutations

You are a creature of crystalline ice.
You have a powerful freezing melee attack.
You are amphibious.
Your maximum health is increased.
Your armour is entirely melded.
You are incapable of wielding weapons or throwing items.
((You can breathe blasts of scalding, opaque steam.))
((Your pale cyan-grey scales are hard. (AC +7)))
You cannot fit into any form of body armour.
((You are cold-blooded and may be slowed by cold attacks.))
((You are immune to the effects of steam.))


   Skills:
 - Level 1.1 Fighting
 - Level 1.7 Dodging
 - Level 3.0 Unarmed Combat
 + Level 6.7 Spellcasting
 * Level 10.0 Transmutations
 - Level 6.0 Ice Magic
 - Level 2.0 Poison Magic


You had 11 spell levels left.
You knew the following spells:

 Your Spells              Type           Power      Damage    Failure   Level
a - Beastly Appendage     Tmut           84%        N/A       1%          1
b - Wereblood             Tmut           42%        N/A       1%          2
c - Spider Form           Tmut/Pois      27%        N/A       2%          3
d - Ice Form              Ice/Tmut       34%        N/A       4%          4

Your spell library contained the following spells:

 Spells                   Type           Power      Damage    Failure   Level
 Shock                    Conj/Air       24%        1d4       11%         1
 Slow                     Hex            24%        N/A       11%         1
 Call Canine Familiar     Summ           6%         N/A       32%         3
 Confusing Touch          Hex            6%         N/A       32%         3
 Portal Projectile        Hex/Tloc       12%        N/A       32%         3
 Swiftness                Air            6%         N/A       32%         3
 Vampiric Draining        Necr           6%         2d6       32%         3
 Airstrike                Air            3%         2d(1-17)  73%         4
 Leda's Liquefaction      Hex/Erth       3%         N/A       73%         4

Inventory:

Hand Weapons
 c - a +2 whip (melded)
   (You found it on level 1 of the Dungeon)
Missiles
 f - 35 stones
 g - 4 javelins
 m - 6 silver javelins
 z - 6 poisoned darts
Jewellery
 s - the amulet "Sarcha" {Reflect -Cast rN+ SH+5 Stlth+}
   (You found it on level 4 of the Dungeon)

   [amulet of reflection]

   It reflects blocked missile attacks.
   rN:        It protects you from negative energy.
   -Cast:     It prevents spellcasting.
   SH:        It affects your SH (+5).
   Stlth:     It makes you more stealthy.
 C - an amulet of reflection (around neck)
   (You found it on level 7 of the Dungeon)
 Y - a +4 ring of slaying (left front paw)
   (You found it on level 3 of the Dungeon)
Wands
 k - a wand of mindburst (43)
   (You found it on level 5 of the Dungeon)
 l - a wand of flame (15)
   (You took it off Ijyb on level 3 of the Dungeon)
 q - a wand of polymorph (14)
   (You found it on level 6 of the Dungeon)
 v - a wand of paralysis (8)
   (You found it on level 7 of the Dungeon)
 x - a wand of roots (9)
   (You found it on level 5 of the Dungeon)
Scrolls
 j - 2 scrolls of immolation {!r!r}
 r - 3 scrolls of blinking {!r}
 u - 3 scrolls of fog
 y - a scroll of enchant armour
Potions
 a - 2 potions of lignification {!q}
 b - 2 potions of mutation {!q}
 d - a potion of haste {@q3}
 e - 7 potions of curing {@q1}
 h - 2 potions of enlightenment
 i - 2 potions of might
 n - a potion of berserk rage {!q}
 o - 3 potions of degeneration {!q}
 p - 5 potions of heal wounds {unknown}
 t - a potion of attraction {!q}
 w - a potion of brilliance
 B - a potion of cancellation

Dungeon Overview and Level Annotations

Branches:
Dungeon (8/15) Zot: 26742  Temple (0/1) D:6
   Lair: D:8-11

Altars:
Elyvilon
Gozag
Kikubaaqudgha
The Shining One
Jiyva

Shops:
D:4 ?

Annotations:
D:4 3 runed translucent doors, Flugkiller's ghost, amateur NaHs
D:8 1 runed translucent door, graymark's ghost, novice NaFi

#......... #.......
#......... ..... ..$
####....
'...########...# ..# .
W#....
##..##....##...##..# ..
#8?+....
##..##....+..$.....##...
#♣.#....
.'........##...# .......
#####..
.#..##....##...##.......
#..
.#..##....##......$.....
..
##..##..........Y.......
#####......#...##J.._...
.# #......##### ......+
.# ######.# ....... ##
### ..##... # ..# #+ ..#
...


You could see a jelly.


Message History

w - a potion of brilliance 😎 MP[+3]
Your mp is fully restored (19).
Your transformation is almost over.
You warm up again.
Your +2 whip unmelds from your body.
Key pressed, stopping explore.
You now have 226 gold pieces (gained 12).
You open the door.
There is an open door here.
You open the door.
There is an open door here.
There is an open door here. 3 jellies come into view.
Found a viscous altar of Jiyva.
The jelly quivers. x2 😎 HP[-12]
You now have 64 max hp (-12).
There are monsters nearby!
Unknown command.
There are monsters nearby!
There are monsters nearby!
Casting: Wereblood (safe; 1% risk of failure)
Confirm with . or Enter, or press ? or * to list all spells.
You turn into a creature of crystalline ice.
Your +2 whip melds into your body. 😎 HP[+12] MP[-4]
You now have 76 max hp (+12).
Your hp is fully restored (76).
You lost 4 mp, and now have 15/19 mp.
Casting: Ice Form (dangerous; 4% risk of failure)
Confirm with . or Enter, or press ? or * to list all spells.
Your blood is infused with primal strength. 😎 MP[-2]
You lost 2 mp, and now have 13/19 mp.
You punch the jelly! You freeze the jelly.
You kill the jelly!
No target in view!
No target in view!
No target in view! 😎 MP[+1]
The jelly quivers.
No target in view!
No target in view!
A jelly comes into view.
The jelly quivers.
You howl as the wereblood boils in your veins!
The jelly barely misses you.
You punch the jelly! You freeze the jelly. The acid corrodes you!
Your front paws burn!
The jelly hits you but does no damage. x2
You punch the jelly! You freeze the jelly.
You feel a bit better.
You kill the jelly!
You howl as the wereblood boils in your veins!
The jelly hits you. The acid corrodes you!
You are splashed with acid!
The jelly hits you.
You are splashed with acid. 😕 HP[-18] MP[+1]
You take 18 damage, and now have 58/76 hp.
MASSIVE DAMAGE!! (PAUSE)
You punch the jelly! You freeze the jelly. The acid corrodes you!
Your front paws burn!
The jelly hits you.
You are splashed with acid!
The jelly hits you.
You are splashed with acid.
* * * LOW HITPOINT WARNING * * *
You are too injured to fight recklessly! 😨 HP[-23]
You take 23 damage, and now have 35/76 hp.
MASSIVE DAMAGE!! (PAUSE)
You hit the jelly but do no damage.
Your front paws burn!
* * * LOW HITPOINT WARNING * * *
The jelly hits you.
* * * LOW HITPOINT WARNING * * *
You are splashed with acid!
* * * LOW HITPOINT WARNING * * *
You block the jelly's attack. 😨 HP[-14]
You take 14 damage, and now have 21/76 hp.
Unknown command.
You punch the jelly! You freeze the jelly.
You feel a bit better.
You kill the jelly!
The jelly hits you.
* * * LOW HITPOINT WARNING * * *
You are splashed with acid!
* * * LOW HITPOINT WARNING * * *
Your Transmutations skill increases to level 10! 😱 HP[-9]
You take 9 damage, and now have 12/76 hp.
Unknown command.
Unknown command.
You hit the jelly but do no damage.
Your front paws burn!
* * * LOW HITPOINT WARNING * * *
You howl as the wereblood boils in your veins! 😱 HP[-4]
You take 4 damage, and now have 8/76 hp.
Unknown command.
You punch the jelly! You freeze the jelly.
Your front paws burn!
* * * LOW HITPOINT WARNING * * *
The jelly barely misses you. 😱 HP[-4]
You take 4 damage, and now have 4/76 hp.
Unknown command.
You hit the jelly. You freeze the jelly.
Your front paws burn!
You die...

Skill      XL: |  1  2  3  4  5  6  7  8  9 |
---------------+----------------------------+-----
Transmutations | 3 4 5 6 8 10 | 10.0
Poison Magic   | 1 2 |  2.0
Spellcasting   | 3 4 5 6 |  6.7
Ice Magic      | 1 3 4 6 |  6.0
Fighting       | |  1.1
Dodging        | |  1.7
Unarmed Combat | |  3.0

Action                     |  1- 3 |  4- 6 |  7- 9 || total
---------------------------+-------+-------+-------++-------
  Melee: Whip              |   104 |    25 |    17 ||   146
         Kick              |    15 |     4 |       ||    19
         Unarmed           |     3 |    91 |   186 ||   280
         Headbutt          |    13 |     2 |       ||    15
         Tailslap          |    10 |     2 |     2 ||    14
         Punch             |     1 |       |     1 ||     2
   Cast: Beastly Appendage |    22 |     4 |       ||    26
         Spider Form       |       |    15 |     8 ||    23
         Wereblood         |       |     6 |     7 ||    13
         Ice Form          |       |     1 |    21 ||    22
Ability: Breathe Steam     |       |       |     4 ||     4
    Use: Scroll            |     1 |     6 |    11 ||    18
         Potion            |       |       |     1 ||     1
   Stab: Sleeping          |     1 |       |     1 ||     2
 Armour: Skin              |    45 |    11 |    64 ||   120
  Dodge: Dodged            |    97 |    83 |    97 ||   277
  Block: Other             |       |       |     1 ||     1

Levels and vault maps discovered:
D:1:      lightli_arrival_flooded_house, layout_basic, minmay_tetromino_t4
D:2:      layout_basic, basic_ecumenical_altar, basic_altar
D:3:      layout_basic, grunt_ministairs_7, uniq_ijyb, uniq_jessica
D:4:      layout_cave_pools, gammafunk_ghost_icy, serial_shops,
          nicolae_shop_window_shopping, chequers_jeans, minmay_misc_feat_cross,
          nrook_loot_triangle, nicolae_eternal_life, uniq_sigmund
D:5:      layout_basic, tgw_kikubaaqudgha, hellmonk_ghost_happy_afterlife,
          uniq_duvessa
D:6:      layout_basic, minmay_temple_entry_poolview
D:7:      layout_gridville, mainiacjoe_overflow_brackets, lemuel_tele_altar,
          nicolae_nh_ransacked_shop
D:8:      layout_gridville, marbit_many_paths, gammafunk_ghost_grave,
          jiyva_altar_1, uniq_gastronok

Notes
Turn   | Place    | Note
-------+----------+-------------------------------------------
     0 | D:1      | kae the Draconian Transmuter began the quest for the Orb.
     0 | D:1      | Reached XP level 1. HP: 16/16 MP: 3/3
     0 | D:1      | magus.rc [v1.11.3]
   133 | D:1      | Reached XP level 2. HP: 15/23 MP: 0/5
   449 | D:1      | Reached skill level 3 in Transmutations
   790 | D:1      | Reached XP level 3. HP: 25/28 MP: 4/6
   793 | D:1      | Learned a level 2 spell: Wereblood
   797 | D:1      | Learned a level 3 spell: Spider Form
  1011 | D:2      | Found a faded altar of an unknown god.
  1379 | D:2      | Found an opulent altar of Gozag.
  1498 | D:2      | Reached skill level 1 in Poison Magic
  1762 | D:3      | Reached XP level 4. HP: 30/35 MP: 8/8
  1791 | D:3      | Identified the +10 falchion "Hoalach" {distort, rElec
                  | Str+3}
  1997 | D:3      | Reached skill level 2 in Poison Magic
  2079 | D:3      | Noticed Jessica
  2098 | D:3      | Killed Jessica
  2099 | D:3      | Reached skill level 3 in Spellcasting
  2099 | D:3      | Reached skill level 4 in Transmutations
  2099 | D:3      | Reached XP level 5. HP: 40/40 MP: 4/9
  2213 | D:3      | Noticed Ijyb
  2227 | D:3      | Killed Ijyb
  2349 | D:3      | You pick up a book of the Hunter and begin reading...
  2349 | D:3      | You add the spells Call Canine Familiar, Portal Projectile
                  | and Leda's Liquefaction to your library.
  2587 | D:3      | You pick up a book of Air and begin reading...
  2587 | D:3      | You add the spells Shock, Swiftness and Airstrike to your
                  | library.
  2595 | D:3      | Learned a level 4 spell: Ice Form
  2731 | D:4      | Noticed Sigmund
  2744 | D:4      | Killed Sigmund
  2745 | D:4      | Reached skill level 5 in Transmutations
  2745 | D:4      | Reached skill level 1 in Ice Magic
  2745 | D:4      | Reached XP level 6. HP: 41/47 MP: 7/11
  2794 | D:4      | Found a runed translucent gate.
  2807 | D:4      | Found a runed translucent gate.
  2807 | D:4      | Found a runed translucent gate.
  2815 | D:4      | Found Rismu's Magic Scroll Boutique.
  2818 | D:4      | Bought a scroll of identify for 26 gold pieces
  2818 | D:4      | Bought a scroll of blinking for 97 gold pieces
  2836 | D:4      | Noticed an ice beast
  2856 | D:4      | Reached skill level 2 in Ice Magic
  2929 | D:4      | Identified the amulet "Sarcha" {Reflect -Cast rN+ SH+5
                  | Stlth+}
  3421 | D:4      | Noticed Flugkiller's ghost (amateur NaHs)
  3594 | D:5      | Entered Level 5 of the Dungeon
  3611 | D:5      | Noticed a water moccasin
  3621 | D:5      | Killed a water moccasin
  3622 | D:5      | Reached skill level 3 in Ice Magic
  3622 | D:5      | Your scales start taking on a pale cyan-grey colour.
  3622 | D:5      | Reached XP level 7. HP: 50/52 MP: 6/12
  3622 | D:5      | Gained mutation: You are immune to the effects of steam.
                  | [Pale Draconian growth]
  3719 | D:5      | HP: 10/52 [black bear (5)]
  3722 | D:5      | Reached skill level 4 in Spellcasting
  3888 | D:5      | Found a runed translucent door.
  3888 | D:5      | Noticed Jzorn's ghost (novice HuHu)
  3898 | D:5      | Reached skill level 6 in Transmutations
  4002 | D:5      | Reached skill level 4 in Ice Magic
  4454 | D:5      | Reached XP level 8. HP: 59/59 MP: 10/14
  4701 | D:5      | Found an ancient bone altar of Kikubaaqudgha.
  4815 | D:5      | Noticed Duvessa
  4815 | D:5      | Noticed Dowan
  4818 | D:5      | Killed Dowan
  4822 | D:5      | Killed Duvessa
  4823 | D:5      | Reached skill level 7 in Transmutations
  4823 | D:5      | Reached skill level 5 in Ice Magic
  4902 | D:5      | Killed Jzorn's ghost
  4903 | D:5      | Reached skill level 5 in Spellcasting
  5018 | D:6      | Reached skill level 6 in Ice Magic
  5267 | D:6      | Reached skill level 8 in Transmutations
  5357 | D:6      | Found a staircase to the Ecumenical Temple.
  5590 | D:6      | Reached XP level 9. HP: 64/64 MP: 12/17
  6376 | D:7      | Reached skill level 6 in Spellcasting
  6438 | D:7      | Found a white marble altar of Elyvilon.
  6587 | D:7      | You pick up a book of Debilitation and begin reading...
  6587 | D:7      | You add the spells Slow, Vampiric Draining and Confusing
                  | Touch to your library.
  6620 | D:7      | Reached skill level 9 in Transmutations
  7159 | D:7      | Found a glowing golden altar of the Shining One.
  7341 | D:8      | Found a runed translucent door.
  7341 | D:8      | Noticed graymark's ghost (novice NaFi)
  7514 | D:8      | Found a viscous altar of Jiyva.
  7531 | D:8      | HP: 12/76 [acid (9)]
  7532 | D:8      | Reached skill level 10 in Transmutations
  7533 | D:8      | HP: 4/76 [acid (4)]
  7534 | D:8      | Splashed by a jelly's acid

Vanquished Creatures
  The ghost of Jzorn the Shooter, a novice HuHu of Makhleb (D:5)
  Sigmund (D:4)
  Duvessa (D:5)
  3 water moccasins
  3 orc warriors (D:7)
  An ice beast (D:7)
  3 black bears (D:5)
  An ogre (D:5)
  A centaur (D:7)
  A kobold brigand (D:8)
  2 bullfrogs
  4 scorpions
  Dowan (D:5)
  A howler monkey (D:4)
  4 jellies
  7 orc priests
  2 sleepcaps (D:7)
  3 hounds
  Jessica (D:3)
  4 iguanas
  Ijyb (D:3)
  5 orc wizards
  5 adders
  A white imp (D:4)
  An ufetubus (D:6)
  3 worms (D:3)
  5 dart slugs
  29 orcs
  10 ball pythons
  10 bats
  9 endoplasms
  4 giant cockroaches
  6 goblins
  3 hobgoblins
  3 jackals (D:4)
  9 kobolds
  3 quokkas
  2 frilled lizards
  7 rats
161 creatures vanquished.

Vanquished Creatures (others)
  A human (D:5)
1 creature vanquished.

Grand Total: 162 creatures vanquished

Table legend:
 A = Non-vault XP
 B = Vault XP
 C = Vault XP percentage of total XP
 D = Non-vault monster count
 E = Vault monster count
 F = Vault count percentage of total count
                 A         B        C        D         E       F
            +---------+---------+-------+---------+---------+-------
      Total |    3259 |    1374 |  29.7 |     143 |      18 |  11.2
            +---------+---------+-------+---------+---------+-------
        D:1 |      40 |       6 |  13.0 |      22 |       3 |  12.0
        D:2 |      40 |       0 |   0.0 |      18 |       0 |   0.0
        D:3 |     102 |      86 |  45.7 |      24 |       4 |  14.3
        D:4 |     213 |     214 |  50.1 |      14 |       1 |   6.7
        D:5 |     906 |     779 |  46.2 |      15 |       3 |  16.7
        D:6 |     616 |       0 |   0.0 |      22 |       0 |   0.0
        D:7 |    1150 |     166 |  12.6 |      22 |       4 |  15.4
        D:8 |     192 |     123 |  39.0 |       6 |       3 |  33.3
            +---------+---------+-------+---------+---------+-------

Skill      XL: |  1  2  3  4  5  6  7  8  9 |
---------------+----------------------------+-----
Transmutations | 3 4 5 6 8 10 | 10.0
Poison Magic   | 1 2 |  2.0
Spellcasting   | 3 4 5 6 |  6.7
Ice Magic      | 1 3 4 6 |  6.0
Fighting       | |  1.1
Dodging        | |  1.7
Unarmed Combat | |  3.0

Action                     |  1- 3 |  4- 6 |  7- 9 || total
---------------------------+-------+-------+-------++-------
  Melee: Whip              |   104 |    25 |    17 ||   146
         Kick              |    15 |     4 |       ||    19
         Unarmed           |     3 |    91 |   186 ||   280
         Headbutt          |    13 |     2 |       ||    15
         Tailslap          |    10 |     2 |     2 ||    14
         Punch             |     1 |       |     1 ||     2
   Cast: Beastly Appendage |    22 |     4 |       ||    26
         Spider Form       |       |    15 |     8 ||    23
         Wereblood         |       |     6 |     7 ||    13
         Ice Form          |       |     1 |    21 ||    22
Ability: Breathe Steam     |       |       |     4 ||     4
    Use: Scroll            |     1 |     6 |    11 ||    18
         Potion            |       |       |     1 ||     1
   Stab: Sleeping          |     1 |       |     1 ||     2
 Armour: Skin              |    45 |    11 |    64 ||   120
  Dodge: Dodged            |    97 |    83 |    97 ||   277
  Block: Other             |       |       |     1 ||     1

Illustrated notes

Table legend:
 A = Kills in this place as a percentage of kills in the entire game.
 B = Kills by you in this place as a percentage of kills by you in the entire game.
 C = Kills by friends in this place as a percentage of kills by friends in the entire game.
 D = Other kills in this place as a percentage of other kills in the entire game.
 E = Experience gained in this place as a percentage of experience gained in the entire game.
 F = Experience gained in this place divided by the number of levels of this place that you have seen.
                   A       B       C       D       E      F
               +-------+-------+-------+-------+-------+----------------------
         Total | 100.0 | 100.0 |   N/A |   N/A | 100.0 | 579.1
       Dungeon | 100.0 | 100.0 |   N/A |   N/A | 100.0 | 579.1
               +-------+-------+-------+-------+-------+----------------------

Table legend: (Time is in decaauts)
 A = Elapsed time spent in this place.
 B = Non-inter-level travel time spent in this place.
 C = Inter-level travel time spent in this place.
 D = Time resting spent in this place.
 E = Time spent auto-exploring this place.
 F = Levels seen in this place.
 G = Mean time per level.
                   A        B        C        D        E       F      G
               +--------+--------+--------+--------+--------+-----+--------+
         Total |   7535 |   7394 |    141 |     34 |   6201 |   8 |  941.9 |
       Dungeon |   7535 |   7394 |    141 |     34 |   6201 |   8 |  941.9 |
               +--------+--------+--------+--------+--------+-----+--------+

Top non-repeatable levels by time:
     D:5: 1392 daAuts
     D:7: 1151 daAuts
     D:6: 1129 daAuts
     D:1: 1017 daAuts
     D:4: 992 daAuts
     D:3: 854 daAuts
     D:2: 741 daAuts
     D:8: 257 daAuts
